 Dungeon Crawl Stone Soup version 0.29-a0-219-g0a02b1cf4f (webtiles) character file.

Game seed: 2462742277222332663

65 Sweetruy1997 the Skirmisher (level 3, -2/30 HPs)
             Began as a Demonspawn Chaos Knight on Feb 26, 2022.
             Was a Plaything of Xom.
             Slain by an orc
             ... wielding a +0 trident
              (4 damage)
             ... on level 3 of the Dungeon.
             The game lasted 00:04:03 (2001 turns).

Sweetruy1997 the Skirmisher (DsCK)                  Turns: 2001, Time: 00:04:04

Health: -2/30      AC:  6    Str: 12    XL:     3   Next: 92%
Magic:  3/3        EV: 11    Int: 13    God:    Xom [...*..]
Gold:   77         SH:  0    Dex: 14    Spells: 2/2 levels left

rFire   . . .      SeeInvis .   a - +0 falchion (chaos)
rCold   . . .      Faith    .   (no shield)
rNeg    . . .      Spirit   .   b - +2 leather armour
rPois   .          Reflect  .   (no helmet)
rElec   .          Harm     .   d - +0 cloak
rCorr   .          Rampage  .   (no gloves)
Will    .....                   (no boots)
Stlth   +.........              (no amulet)
HPRegen 0.10/turn               (no ring)
MPRegen 0.08/turn               (no ring)

@: no status effects
A: claws 1
a: Renounce Religion


You were on level 3 of the Dungeon.
You worshipped Xom.
You were a favourite toy of Xom.
You visited 1 branch of the dungeon, and saw 3 of its levels.

You collected 77 gold pieces.

Inventory:

Hand Weapons
 a - a +0 falchion of chaos (weapon)
 g - a +0 demon blade of flaming
Armour
 b - a +2 leather armour (worn)
 d - a +0 cloak (worn)
Scrolls
 c - a scroll of teleportation
 i - a scroll of magic mapping
 j - a scroll of fog
Potions
 e - a potion of lignification
 f - a potion of degeneration {unknown}
 h - a potion of mutation {unknown}
 k - a potion of magic {unknown}
 l - a potion of heal wounds {unknown}
 m - a potion of brilliance {unknown}
 n - a potion of might {unknown}


   Skills:
 + Level 3.7 Fighting
 + Level 3.6 Long Blades
 - Level 2.0 Armour
 + Level 1.1 Dodging
 + Level 0.3 Stealth


You had 2 spell levels left.
You didn't know any spells.
Your spell library was empty.

Dungeon Overview and Level Annotations

Branches:
Dungeon (3/15)

Altars:


Innate Abilities, Weirdness & Mutations

You have sharp fingernails.


Message History

The orc is heavily wounded.
The orc hits you but does no damage. The orc closely misses you.
The orc throws a boomerang.
The boomerang hits you but does no damage.
The orc misses you.
You completely miss the orc.
The orc is heavily wounded.
The orc misses you. The orc barely misses you. x2
You hit the orc but do no damage.
The orc seems to grow stronger.
Xom thinks this is hilarious!
The orc is heavily wounded.
The orc closely misses you. The orc hits you but does no damage.
The orc hits you with a +0 club.
You closely miss the orc.
The orc is heavily wounded.
The orc barely misses you. The orc hits you but does no damage.
The orc barely misses you.
You barely miss the orc.
The orc is heavily wounded.
The orc hits you with a +0 club. The orc completely misses you.
The orc barely misses you.
You slash the orc! You freeze the orc.
You kill the orc!
The orc barely misses you.
The orc hits you from afar with a +0 trident.
The orc throws a boomerang.
The boomerang hits you but does no damage.
The orc hits you with a +0 club. The orc hits you but does no damage.
The orc hits you with a +0 trident!
* * * LOW HITPOINT WARNING * * *
You hit the orc but do no damage.
The orc is poisoned.
The orc is heavily wounded.
The orc hits you with a +0 club.
* * * LOW HITPOINT WARNING * * *
The orc misses you.
You closely miss the orc.
The orc is almost dead.
You kill the orc!
The orc hits you with a +0 trident.
You die...

.# .. ###.#
..#.# #... #..
###o# .. #.)@#
#.. ##).# #..#
...###.###
##..#
#.......##...#
#..........#
....###.#...##
.## #.##..#
#.##..###
#.###...###


You could see an orc.

Vanquished Creatures
  2 worms (D:2)
  2 dart slugs
  3 orcs (D:3)
  7 endoplasms
  2 giant cockroaches (D:1)
  3 goblins (D:1)
  5 hobgoblins
  3 jackals (D:2)
  2 kobolds (D:2)
  A quokka (D:1)
  5 ball pythons (D:1)
  8 bats
  6 frilled lizards
  2 rats (D:2)
51 creatures vanquished.

Notes
Turn   | Place    | Note
-------+----------+-------------------------------------------
     0 | D:1      | Sweetruy1997 the Demonspawn Chaos Knight began the quest
                  | for the Orb.
     0 | D:1      | Reached XP level 1. HP: 18/18 MP: 1/1
    96 | D:1      | Found a faded altar of an unknown god.
   179 | D:1      | XOM: silly message
   274 | D:1      | XOM: divination: magic mapping
   312 | D:1      | Gained mutation: You have sharp fingernails. [demonic
                  | ancestry]
   312 | D:1      | Reached XP level 2. HP: 22/24 MP: 2/2
   489 | D:1      | XOM: silly message
   581 | D:1      | XOM: noise
   836 | D:1      | XOM: silly message
   899 | D:1      | XOM: divination: detect creatures
   963 | D:2      | XOM: summons 2 hostile demons
   964 | D:2      | Reached XP level 3. HP: 28/29 MP: 3/3
  1224 | D:2      | Reached skill level 1 in Dodging
  2001 | D:3      | Slain by an orc

Illustrated notes

Levels and vault maps discovered:
D:1:      sevenhm_arrival_forest_fort_small_5, layout_basic,
          ebering_ecumenical_altar_petrified, serial_park_tiny_2
D:2:      layout_loops_ring
D:3:      layout_rooms

Skill      XL: |  1  2  3 |
---------------+----------+-----
Armour         | 2 |  2.0
Long Blades    | 3 |  3.6
Dodging        | 1 |  1.1
Fighting       | |  3.7
Stealth        | |  0.3

Action                   || total
-------------------------++-------
Melee: Falchion          ||   158
       Punch             ||     1
  Use: Scroll            ||     5
 Stab: Sleeping          ||     2
       Petrifying        ||     1
       Petrified         ||     1
Armor: Leather armour    ||    82
Dodge: Dodged            ||   122

Table legend: (Time is in decaauts)
 A = Elapsed time spent in this place.
 B = Non-inter-level travel time spent in this place.
 C = Inter-level travel time spent in this place.
 D = Time resting spent in this place.
 E = Time spent auto-exploring this place.
 F = Levels seen in this place.
 G = Mean time per level.
                   A        B        C        D        E       F      G
               +--------+--------+--------+--------+--------+-----+--------+
         Total |   2024 |   1976 |     48 |    111 |   1473 |   3 |  674.7 |
       Dungeon |   2024 |   1976 |     48 |    111 |   1473 |   3 |  674.7 |
               +--------+--------+--------+--------+--------+-----+--------+

Top non-repeatable levels by time:
     D:2: 1018 daAuts
     D:1: 956 daAuts
     D:3: 50 daAuts
